 Dungeon Crawl Stone Soup version 0.24.0-35-gdb84b6a5db (webtiles) character file.

Game seed: 8936281697579247428, levelgen mode: deterministic

25 Esekla the Magician (level 2, 0/19 HPs)
             Began as a Demonspawn Wanderer on Nov 20, 2019.
             Slain by an adder (2 damage)
             ... on level 2 of the Dungeon.
             The game lasted 00:07:00 (1148 turns).

Esekla the Magician (Demonspawn Wanderer)           Turns: 1148, Time: 00:07:01

Health: 0/19       AC:  1    Str: 12    XL:     2   Next: 86%
Magic:  1/6        EV: 11    Int: 14    God:
Gold:   11         SH:  0    Dex: 11    Spells: 7/8 levels left

rFire    . . .     SeeInvis .   b - +0 dagger
rCold    . . .     Gourm    .   (no shield)
rNeg     . . .     Faith    .   (no armour)
rPois    .         Spirit   .   (helmet restricted)
rElec    .         Reflect  .   (no cloak)
rCorr    .         Harm     .   (no gloves)
MR       .....                  j - +0 pair of boots
Stlth    +.........             (no amulet)
HPRegen  0.06/turn              o - +3 ring of slaying
MPRegen  0.10/turn              (no ring)

@: lethally poisoned (0 -> -7)
A: antennae 1
a: no special abilities


You were on level 2 of the Dungeon.
You were hungry.

You visited 1 branch of the dungeon, and saw 2 of its levels.

You collected 11 gold pieces.

Inventory:

Hand Weapons
 b - a +0 dagger (weapon)
Missiles
 a - 8 boomerangs (quivered)
 p - 7 javelins
Armour
 d - a +2 scale mail
 j - a +0 pair of boots (worn)
Jewellery
 o - a +3 ring of slaying (left hand)
 q - a +3 ring of evasion {unknown}
Scrolls
 c - a scroll of amnesia {unknown}
 g - 2 scrolls of teleportation {unknown}
 h - a scroll of noise {unknown}
 i - 2 scrolls of remove curse {unknown}
 l - a scroll of blinking {unknown}
 m - a scroll of identify {unknown}
 r - a scroll of enchant weapon {unknown}
 s - 2 scrolls of random uselessness {unknown}
Potions
 e - a potion of might {unknown}
 k - a potion of magic {unknown}
 n - a potion of haste {unknown}
 t - a potion of lignification {unknown}
Comestibles
 f - a ration


   Skills:
 + Level 0.1 Fighting
   Level 1.0 Crossbows
 - Level 1.0 Throwing
 - Level 1.7 Armour
 * Level 3.7 Spellcasting
 * Level 0.5 Conjurations
 + Level 2.1 Poison Magic
   Level 1.0 Evocations


You had 7 spell levels left.
You knew the following spells:

 Your Spells              Type           Power        Failure   Level  Hunger
a - Sting                 Conj/Pois      #...         12%         1    None

Your spell library contained the following spells:

 Spells                   Type           Power        Failure   Level  Hunger
 Flame Tongue             Conj/Fire      #....        19%         1    None
 Mephitic Cloud           Conj/Pois/Air  #.......     38%         3    ###....
 Conjure Flame            Conj/Fire      #.......     47%         3    ###....


Dungeon Overview and Level Annotations

Branches:
Dungeon (2/15)

Altars:


Innate Abilities, Weirdness & Mutations

You have a pair of small antennae on your head.


Message History

The adder is lightly wounded.
The adder barely misses you. The adder bites you.
You hit the adder.
The adder is moderately wounded.
You feel sick. The adder barely misses you.
Casting: Sting (safe; 12% risk of failure)
Confirm with . or Enter, or press ? or * to list all spells.
Aiming: Sting (safe; 12% risk of failure)
Press: ? - help, Shift-Dir - straight line, f/p - adder
Aim: an adder (moderately wounded)
The sting misses the adder.
The adder bites you.
* * * LOW HITPOINT WARNING * * *
You are more poisoned.
The adder poisons you! The adder barely misses you.
Okay, then.
You hit the adder.
The adder is heavily wounded.
* * * LOW HITPOINT WARNING * * *
You feel sick. The adder bites you.
You die...

##### #...# #.#####
##### #.#...# #...#
#.#(#.# #)#.#
#....(## #.#.#
#......# ##@#.#
#......# #)S..#
#......# #....#
#......# #......#
######.####........
#....†...####....###
#...........(.#..#
#...<....##.#.#...
#........##...##.#.


You could see an adder.

Vanquished Creatures
  An adder (D:2)
  A dart slug (D:1)
  A leopard gecko (D:2)
  3 jackals (D:1)
  A frilled lizard (D:1)
  4 goblins (D:1)
  3 rats (D:1)
14 creatures vanquished.

Notes
Turn   | Place    | Note
-------+----------+-------------------------------------------
     0 | D:1      | Esekla the Demonspawn Wanderer began the quest for the Orb.
     0 | D:1      | Esekla set off with the following items: a +0 club, a +2
                  | scale mail, a ration; and the following spells available to
                  | memorise: Sting, Flame Tongue, Mephitic Cloud, Conjure
                  | Flame
     0 | D:1      | Reached XP level 1. HP: 13/13 MP: 4/4
     2 | D:1      | Learned a level 1 spell: Sting
   617 | D:1      | Gained mutation: You have a pair of small antennae on your
                  | head. [demonic ancestry]
   617 | D:1      | Reached XP level 2. HP: 19/19 MP: 1/6
  1148 | D:2      | Slain by an adder

Levels and vault maps discovered:
D:1:      wander_arrival_fairy_ring, layout_basic
D:2:      layout_basic, nicolae_overflow_hidden_temple, st_stairs_13,
          okawaru_gym_becter

Action                   || total
-------------------------++-------
Melee: Dagger            ||    29
       Club              ||     1
 Cast: Sting             ||    27
Armor: Skin              ||     3
Dodge: Dodged            ||    31
